Map: Acid Plant LE

Players

HeroMarine - Winner!

  • Race: Terran Terran
  • Spawn Location: 5:00

HellraiseR

  • Race: Protoss Protoss
  • Spawn Location: 11:00

Event: WCS Valencia 2018

VOD

Have the link to the VOD?

Description

Time

  • Played on: July 12, 2018, 10:16 a.m.
  • Length: 6:58

All games in this series

Show
View Real Time Build Order
Export as new Build Order

HeroMarine Terran - Winner!

Build Orders: Liberator Opening, Reaper Expand 

Get SALT Encoding   

  12  0:00  SCV  
  13  0:12  SCV  
  14  0:17  Supply Depot  
  14  0:24  SCV  
  15  0:39  SCV, Barracks  
  16  0:43  Refinery  
  16  0:51  SCV  
  17  1:03  SCV  
  18  1:15  SCV  
  19  1:26  Reaper  
  19  1:28  Orbital Command  
  20  1:46  Command Center  
  20  1:54  SCV  
  21  1:55  Supply Depot  
  21  1:58  Marine  
  22  2:06  SCV  
  23  2:09  Factory  
  23  2:15  Refinery  
  23  2:19  SCV  
  23  2:22  Barracks Reactor  
  24  2:31  SCV  
  25  2:43  SCV  
  26  2:54  Starport  
  26  2:55  SCV  
  27  3:00  Orbital Command  
  27  3:02  Hellion x2  
  27  3:04  Marine  
  32  3:07  SCV  
  33  3:20  SCV  
  33  3:24  Widow Mine x2  
  37  3:27  Bunker, SCV  
  37  3:32  SCV  
  37  3:33  Supply Depot, Medivac  
  41  3:40  Barracks Tech Lab  
  41  3:43  SCV  
  41  3:44  SCV  
  41  3:45  Widow Mine  
  46  3:55  SCV  
  46  3:56  Liberator, Supply Depot, SCV  
  47  4:08  SCV  
  47  4:09  SCV  
  49  4:14  Command Center  
  52  4:18  Siege Tank  
  52  4:21  Marine x2  
  52  4:22  SCV  
  52  4:23  SCV  
  59  4:26  Supply Depot  
  59  4:34  SCV  
  59  4:35  SCV  
  61  4:41  Barracks  
  61  4:44  Barracks  
  61  4:46  SCV  
  61  4:48  SCV  
  61  4:59  SCV, Refinery  
  62  5:00  Starport Tech Lab, SCV, Refinery, Marauder  
  62  5:01  Starport Reactor  
  62  5:02  Factory Reactor  
  62  5:04  Engineering Bay  
  63  5:11  SCV  
  63  5:12  SCV  
  65  5:16  Engineering Bay  
  65  5:21  Marauder  
  65  5:23  SCV  
  65  5:24  SCV  
  65  5:27  Barracks  
  67  5:29  Barracks  
  67  5:31  Barracks Tech Lab, Orbital Command  
  67  5:41  Missile Turret  
  67  5:43  Marauder  
  67  5:46  Missile Turret  
  67  5:49  SCV x2  
  71  5:51  Marauder  
  73  5:58  Liberator x2  
  75  6:04  Marauder  
  75  6:06  Marine x2  
  75  6:10  Supply Depot  
  75  6:11  Supply Depot  
  77  6:13  Marauder  
  85  6:21  Marine  
  85  6:22  Supply Depot  
  85  6:24  Bunker  
  86  6:30  Marine x2  
  86  6:32  Marine x2  
  86  6:34  Marauder  
Show
View Real Time Build Order
Export as new Build Order

HellraiseR Protoss 

Build Orders: 1 Gate Expand, Blink Stalkers 

Get SALT Encoding   

  12  0:00  Probe  
  13  0:12  Probe  
  14  0:18  Pylon  
  14  0:22  Probe  
  15  0:32  Probe  
  15  0:37  Gateway  
  15  0:41  Probe  
  16  0:47  Assimilator  
  17  0:53  Probe  
  18  1:05  Probe  
  19  1:20  Nexus  
  19  1:23  Probe  
  20  1:33  Cybernetics Core  
  20  1:36  Probe  
  21  1:41  Assimilator  
  21  1:48  Probe  
  21  1:50  Pylon  
  22  1:59  Probe  
  23  2:01  Adept  
  23  2:07  Probe  
  23  2:09  Warp Gate  
  26  2:15  Probe  
  27  2:26  Probe  
  27  2:27  Stalker  
  29  2:37  Twilight Council, Probe  
  29  2:38  Probe  
  31  2:45  Probe  
  31  2:51  Probe  
  33  2:53  Probe  
  33  2:54  Blink  
  33  2:58  Stalker  
  36  3:03  Probe  
  36  3:05  Probe  
  38  3:15  Probe  
  40  3:21  Gateway  
  40  3:23  Gateway  
  39  3:30  Shield Battery, Probe  
  39  3:31  Probe  
  41  3:40  Robotics Facility  
  41  3:42  Probe  
  41  3:44  Probe  
  43  3:54  Probe  
  44  4:10  Pylon  
  44  4:12  Stalker  
  44  4:15  Nexus  
  44  4:16  Pylon  
  46  4:29  Observer  
  46  4:31  Gateway  
  47  4:32  Gateway  
  47  4:33  Gateway  
  47  4:36  Stalker  
  49  4:39  Stalker  
  49  4:43  Charge  
  50  4:59  Gateway  
  49  5:04  Gateway  
  49  5:07  Warp Prism  
  49  5:13  Pylon  
  51  5:22  Stalker  
  53  5:31  Stalker x2  
  57  5:39  Stalker x2  
  61  5:43  Pylon  
  61  5:59  Stalker  
  60  6:06  Zealot x4  
  64  6:22  Zealot x2  
  68  6:30  Zealot  
  66  6:33  Zealot  
  60  6:41  Stalker  
  56  6:48  Zealot  
  54  6:56  Zealot  
Tags
 
Add a new tag
Caveats
  • Supply blocks, unpowered buildings, or Contaminate may cause inaccurate times.
  • Supply counts are checked every 10 seconds.